 Dungeon Crawl Stone Soup version 0.24.0-1-gfbc8707122 (webtiles) character file.

Game seed: 15729327687931019532, levelgen mode: deterministic

1400 Aviak the Firebug (level 8, 0/58 HPs)
             Began as a Gnoll Fire Elementalist on Oct 26, 2019.
             Was a Follower of Vehumet.
             Hit by a silver boomerang thrown by an orc (8 damage)
             ... on level 6 of the Dungeon.
             The game lasted 00:12:24 (4558 turns).

Aviak the Firebug (Gnoll Fire Elementalist)         Turns: 4558, Time: 00:12:25

Health: 0/58       AC:  4    Str: 10    XL:     8   Next: 69%
Magic:  4/17       EV: 16    Int: 20    God:    Vehumet [*.....]
Gold:   205        SH:  0    Dex: 16    Spells: 8/19 levels left

rFire    . . .     SeeInvis .   y - +3 falchion (drain)
rCold    + . .     Gourm    .   (no shield)
rNeg     . . .     Faith    .   a - +0 robe
rPois    .         Spirit   .   x - +0 helmet
rElec    .         Reflect  .   k - +0 cloak
rCorr    .         Harm     .   (no gloves)
MR       .....                  (no boots)
Stlth    +++.......             (no amulet)
HPRegen  0.19/turn              C - ring of protection from cold
MPRegen  0.15/turn              (no ring)

@: very slightly contaminated, hasted, very quick
A: distributed training, fangs 1, strong nose
a: Renounce Religion


You were on level 6 of the Dungeon.
You worshipped Vehumet.
Vehumet was aware of your devotion.
You were hungry.

You visited 2 branches of the dungeon, and saw 7 of its levels.

You collected 205 gold pieces.

Inventory:

Hand Weapons
 y - a +3 falchion of draining (weapon)
Armour
 a - a +0 robe (worn)
 k - a +0 cloak (worn)
 x - a +0 helmet (worn)
Jewellery
 v - an uncursed amulet of rage
 C - a ring of protection from cold (left hand)
Wands
 n - a wand of random effects (39)
 q - a wand of iceblast (3)
Scrolls
 d - a scroll of fear
 e - 3 scrolls of immolation
 g - 5 scrolls of teleportation {unknown}
 i - a scroll of identify
 j - 2 scrolls of random uselessness {unknown}
 l - 2 scrolls of magic mapping {unknown}
 m - 4 scrolls of enchant weapon {unknown}
 o - 4 scrolls of remove curse {unknown}
 p - 4 scrolls of fog {unknown}
Potions
 f - a potion of haste
 s - a potion of resistance
 w - a potion of ambrosia {unknown}
 z - a potion of cancellation {unknown}
 A - 2 potions of flight {unknown}
Comestibles
 t - 11 rations


   Skills:
 + Level 3.4 Fighting
 + Level 3.4 Short Blades
 + Level 3.4 Long Blades
 + Level 3.4 Axes
 + Level 3.4 Maces & Flails
 + Level 3.4 Polearms
 + Level 3.4 Staves
 + Level 3.4 Slings
 + Level 3.4 Bows
 + Level 3.4 Crossbows
 + Level 3.4 Throwing
 + Level 3.4 Armour
 + Level 5.8 Dodging
 + Level 5.4 Stealth
 + Level 3.4 Shields
 + Level 3.4 Unarmed Combat
 + Level 6.1 Spellcasting
 + Level 3.6 Conjurations
 + Level 2.8 Hexes
 + Level 2.8 Charms
 + Level 2.8 Summonings
 + Level 2.8 Necromancy
 + Level 2.8 Translocations
 + Level 2.8 Transmutations
 + Level 6.2 Fire Magic
 + Level 2.8 Ice Magic
 + Level 2.8 Air Magic
 + Level 2.8 Earth Magic
 + Level 2.8 Poison Magic
 + Level 3.8 Invocations
 + Level 3.4 Evocations


You had 8 spell levels left.
You knew the following spells:

 Your Spells              Type           Power        Failure   Level  Hunger
a - Flame Tongue          Conj/Fire      ####.        1%          1    None
b - Conjure Flame         Conj/Fire      ####....     4%          3    ##.....
c - Sticky Flame          Conj/Fire      ####....     14%         4    ####...
w - Confuse               Hex            ###.....     10%         3    ##.....

Your spell library contained the following spells:

 Spells                   Type           Power        Failure   Level  Hunger
 Sandblast                Erth           ###...       3%          1    None
 Throw Flame              Conj/Fire      ####..       1%          2    None
 Confusing Touch          Hex            ###...       3%          1    None
 Inner Flame              Hex/Fire       ###.....     4%          3    ##.....
 Gell's Gravitas          Tloc           ###.......   10%         3    ##.....
 Petrify                  Tmut/Erth      ###.....     32%         4    ####...
 Fireball                 Conj/Fire      ####......   36%         5    #####..
 Metabolic Englaciation   Hex/Ice        ###.......   65%         5    #####..
 Yara's Violent Unravell  Hex/Tmut       ###.......   65%         5    #####..


Dungeon Overview and Level Annotations

Branches:
Dungeon (6/15)             Temple (1/1) D:5

Altars:
Ashenzari
Cheibriados
Dithmenos
Elyvilon
Fedhas
Hepliaklqana
Kikubaaqudgha
Makhleb
Nemelex Xobeh
Okawaru
Qazlal
Ru
Sif Muna
Trog
Uskayaw
Vehumet
Wu Jian
Xom
Yredelemnul
Zin
The Shining One


Innate Abilities, Weirdness & Mutations

Your experience applies equally to all skills.
You have very sharp teeth.
Your uncanny sense of smell can sniff out nearby items.


Message History

Vehumet accepts your kill.
You hit the orc priest.
The orc priest is severely wounded.
The orc priest barely misses you. The bullfrog closely misses you.
You hit the orc priest. You drain the orc priest.
You kill the orc priest!
Vehumet accepts your kill. The bullfrog hits you.
The orc wizard points at you and mumbles some strange words.
The magic dart hits you.
* * * LOW HITPOINT WARNING * * *
Unknown command.
Unknown command.
The bullfrog enters a dispersal trap!
The orc wizard blinks!
You blink.
The bullfrog blinks!
The orc wizard gestures at you while chanting.
The magic dart hits you.
* * * LOW HITPOINT WARNING * * *
The orc throws a silver boomerang.
The silver boomerang hits you!
You die...

..>...######### #...#((.#†.(.....
.........## #...#...#.......#
.....#....## ###.#####......(.
.....##....########..............
.....###.........................
###### ####..........##....<.....
###..........###...#...##
####)...........##...##.####
.......#.o...@.......##....
.....)...o.........## .....
..########§...###.... ..... .
#.......# ##### ..... #§§...#..#
..... #......#..##.#
.....#####.## .# .... o.# .# ..#
#### .#


You could see an orc wizard and 2 orcs.

Vanquished Creatures
  Grinder (D:5)
  A phantom (D:5)
  An ogre (D:6)
  A centaur (D:6)
  2 bullfrogs (D:6)
  A howler monkey (D:4)
  A crimson imp (D:6)
  2 orc priests
  4 hounds
  4 orc wizards
  A bullfrog skeleton (D:3)
  Ijyb (D:5)
  Natasha (thrice) (D:2)
  5 worker ants
  A worker ant zombie (D:6)
  Robin (D:4)
  9 adders
  A shadow imp (D:5)
  2 oozes
  3 worms
  A dart slug (D:2)
  3 leopard geckos
  14 orcs
  2 giant cockroaches (D:3)
  9 goblins
  10 hobgoblins
  6 jackals
  6 kobolds
  3 quokkas
  A ball python (D:3)
  10 bats
  5 frilled lizards
  A jackal zombie (D:5)
  A leopard gecko skeleton (D:6)
  A leopard gecko zombie (D:5)
  5 rats
123 creatures vanquished.

Notes
Turn   | Place    | Note
-------+----------+-------------------------------------------
     0 | D:1      | Aviak the Gnoll Fire Elementalist began the quest for the
                  | Orb.
     0 | D:1      | Reached XP level 1. HP: 13/13 MP: 6/6
   363 | D:1      | Reached XP level 2. HP: 19/19 MP: 4/7
   667 | D:2      | Noticed Natasha
   673 | D:2      | Killed Natasha
   673 | D:2      | Reached skill level 5 in Spellcasting
   673 | D:2      | Reached skill level 1 in Invocations
   673 | D:2      | Reached XP level 3. HP: 25/25 MP: 1/9
   815 | D:2      | Noticed Natasha
   821 | D:2      | Killed Natasha
   821 | D:2      | Reached skill level 1 in Fighting
   821 | D:2      | Reached skill level 1 in Short Blades
   821 | D:2      | Reached skill level 1 in Long Blades
   821 | D:2      | Reached skill level 1 in Axes
   821 | D:2      | Reached skill level 1 in Maces & Flails
   821 | D:2      | Reached skill level 1 in Polearms
   821 | D:2      | Reached skill level 1 in Staves
   821 | D:2      | Reached skill level 1 in Slings
   821 | D:2      | Reached skill level 1 in Bows
   821 | D:2      | Reached skill level 1 in Crossbows
   821 | D:2      | Reached skill level 1 in Throwing
   821 | D:2      | Reached skill level 1 in Armour
   821 | D:2      | Reached skill level 1 in Shields
   821 | D:2      | Reached skill level 1 in Unarmed Combat
   821 | D:2      | Reached skill level 1 in Evocations
   821 | D:2      | Reached XP level 4. HP: 20/32 MP: 6/11
  1197 | D:2      | Reached skill level 1 in Hexes
  1197 | D:2      | Reached skill level 1 in Charms
  1197 | D:2      | Reached skill level 1 in Summonings
  1197 | D:2      | Reached skill level 1 in Necromancy
  1197 | D:2      | Reached skill level 1 in Translocations
  1197 | D:2      | Reached skill level 1 in Transmutations
  1197 | D:2      | Reached skill level 1 in Ice Magic
  1197 | D:2      | Reached skill level 1 in Air Magic
  1197 | D:2      | Reached skill level 1 in Earth Magic
  1197 | D:2      | Reached skill level 1 in Poison Magic
  1204 | D:2      | Learned a level 3 spell: Conjure Flame
  1209 | D:2      | Learned a level 4 spell: Sticky Flame
  1334 | D:2      | Noticed Natasha
  1340 | D:2      | Killed Natasha
  1340 | D:2      | Reached XP level 5. HP: 31/37 MP: 8/12
  1843 | D:4      | Reached XP level 6. HP: 30/44 MP: 11/13
  1848 | D:4      | Learned a level 3 spell: Confuse
  2110 | D:4      | You fall into a shaft and drop 1 floor!
  2110 | D:5      | Entered Level 5 of the Dungeon
  2138 | D:5      | Noticed Grinder
  2168 | D:5      | Killed Grinder
  2168 | D:5      | Reached skill level 5 in Dodging
  2168 | D:5      | Reached XP level 7. HP: 17/50 MP: 1/15
  2822 | D:4      | Found a sparkling altar of Nemelex Xobeh.
  2822 | D:4      | Found a shimmering blue altar of Sif Muna.
  2823 | D:4      | Found a shadowy altar of Dithmenos.
  3087 | D:4      | Reached skill level 5 in Stealth
  3237 | D:4      | Noticed Robin
  3247 | D:4      | Killed Robin
  3504 | D:5      | Found a staircase to the Ecumenical Temple.
  3515 | Temple   | Entered the Ecumenical Temple
  3609 | Temple   | Became a worshipper of Vehumet
  3732 | D:5      | Noticed Ijyb
  3741 | D:5      | Killed Ijyb
  3741 | D:5      | Reached XP level 8. HP: 49/57 MP: 4/16
  4277 | D:6      | Noticed a +0 dagger
  4277 | D:6      | Noticed a +0 hand axe
  4282 | D:6      | Reached * piety under Vehumet
  4282 | D:6      | Offered knowledge of Sandblast by Vehumet.
  4302 | D:6      | Found a hide-covered altar of Uskayaw.
  4558 | D:6      | Hit by a silver boomerang thrown by an orc

Levels and vault maps discovered:
D:1:      mrwooster_arrival_statue_3, layout_loops_ring
D:2:      layout_loops_cross, first_ration, uniq_natasha
D:3:      layout_rooms
D:4:      layout_basic, gammafunk_temple_overflow_claw, uniq_robin
D:5:      layout_cave_pools, minmay_temple_entry_junction,
          chequers_serial_rivers_room_b, uniq_ijyb, uniq_grinder
D:6:      layout_rooms, dancing_weapons_uskayaw
Temple:   minmay_temple_bridge_d

Skill      XL: |  1  2  3  4  5  6  7  8 |
---------------+-------------------------+-----
Conjurations   | 2 3 |  3.6
Spellcasting   | 5 6 |  6.1
Invocations    | 1 2 3 |  3.8
Fighting       | 1 2 3 |  3.4
Short Blades   | 1 2 3 |  3.4
Long Blades    | 1 2 3 |  3.4
Axes           | 1 2 3 |  3.4
Maces & Flails | 1 2 3 |  3.4
Polearms       | 1 2 3 |  3.4
Staves         | 1 2 3 |  3.4
Slings         | 1 2 3 |  3.4
Bows           | 1 2 3 |  3.4
Crossbows      | 1 2 3 |  3.4
Throwing       | 1 2 3 |  3.4
Armour         | 1 2 3 |  3.4
Shields        | 1 2 3 |  3.4
Unarmed Combat | 1 2 3 |  3.4
Evocations     | 1 2 3 |  3.4
Hexes          | 1 2 |  2.8
Charms         | 1 2 |  2.8
Summonings     | 1 2 |  2.8
Necromancy     | 1 2 |  2.8
Translocations | 1 2 |  2.8
Transmutations | 1 2 |  2.8
Ice Magic      | 1 2 |  2.8
Air Magic      | 1 2 |  2.8
Earth Magic    | 1 2 |  2.8
Poison Magic   | 1 2 |  2.8
Dodging        | 5 |  5.8
Stealth        | 5 |  5.4
Fire Magic     | 6 |  6.2

Action                   |  1- 3 |  4- 6 |  7- 9 || total
-------------------------+-------+-------+-------++-------
Melee: Unarmed           |     1 |       |       ||     1
       Short sword       |       |    25 |       ||    25
       Trident           |       |    22 |     9 ||    31
       Bite              |       |     5 |     5 ||    10
       Falchion          |       |       |    37 ||    37
       Punch             |       |       |     2 ||     2
 Cast: Flame Tongue      |    32 |    74 |    98 ||   204
       Confuse           |       |     1 |     6 ||     7
       Sticky Flame      |       |       |     4 ||     4
Evoke: Wand              |       |     3 |     4 ||     7
  Use: Potion            |       |     1 |     6 ||     7
       Scroll            |       |       |     6 ||     6
 Stab: Sleeping          |       |     1 |       ||     1
       Confused          |       |       |     1 ||     1
  Eat: Chunk             |       |     3 |     5 ||     8
       Ration            |       |       |     1 ||     1
Armor: Robe              |     3 |    10 |    15 ||    28
       Skin              |       |     2 |     2 ||     4
Dodge: Dodged            |    12 |    69 |    74 ||   155
       Rpst.: Falchion   |       |       |    15 ||    15
